 Dungeon Crawl Stone Soup version 0.31.0-11-ge490571c62 (webtiles) character file.

Game seed: 13960818734612611552

635 DocClef the Shield-Bearer (level 7, -3/60 HPs)
             Began as a Gnoll Fighter on Feb 4, 2024.
             Slain by Duvessa
             ... wielding a +2 short sword of venom
              (6 damage)
             ... on level 5 of the Dungeon.
             The game lasted 00:04:46 (3823 turns).

DocClef the Shield-Bearer (Gnoll Fighter)           Turns: 3823, Time: 00:04:47

Health: -3/60      AC: 11    Str: 22    XL:     7   Next: 50%
Magic:  10/10      EV: 10    Int:  6    God:
Gold:   191        SH:  5    Dex: 10    Spells: 11/11 levels left

rFire   . . .        a - +0 flail
rCold   . . .        c - +0 buckler
rNeg    + . .        b - +0 scale mail
rPois   .            (no helmet)
rElec   .            (no cloak)
rCorr   .            (no gloves)
SInv    .            l - +0 pair of boots
Will    .....        (no amulet)
Stlth   +            q - ring of positive energy
HPRegen 0.30/turn    (no ring)
MPRegen 0.12/turn

%: no passive effects
@: lethally poisoned (-3 -> -21)
A: fangs 1, strong nose, distributed training, talons 2, iridescent scales 1,
strong 1
a: no special abilities


You were on level 5 of the Dungeon.
You visited 1 branch of the dungeon, and saw 5 of its levels.

You collected 191 gold pieces.

Inventory:

Hand Weapons
 a - a +0 flail (weapon)
Missiles
 v - 2 throwing nets (quivered)
Armour
 b - a +0 scale mail (worn)
 c - a +0 buckler (worn)
 l - a +0 pair of boots (worn)
Jewellery
 q - a ring of positive energy (left hand)
Scrolls
 e - a scroll of vulnerability {unknown}
 f - a scroll of noise {unknown}
 h - 6 scrolls of immolation {unknown}
 i - 4 scrolls of identify {unknown}
 j - 2 scrolls of amnesia {unknown}
 k - a scroll of revelation {unknown}
 m - 2 scrolls of poison {unknown}
 o - a scroll of teleportation {unknown}
 r - a scroll of acquirement {unknown}
Potions
 n - a potion of resistance {unknown}
 p - a potion of heal wounds
 t - 4 potions of curing
 u - a potion of enlightenment {unknown}


   Skills:
 + Level 7.1 Fighting
 + Level 2.6 Short Blades
 + Level 2.6 Long Blades
 + Level 2.6 Axes
 + Level 5.3 Maces & Flails
 + Level 2.6 Polearms
 + Level 2.6 Staves
 + Level 2.6 Ranged Weapons
 + Level 2.6 Throwing
 + Level 7.1 Armour
 + Level 2.6 Dodging
 + Level 2.6 Stealth
 + Level 7.1 Shields
 + Level 2.6 Unarmed Combat
 + Level 2.6 Spellcasting
 + Level 2.1 Conjurations
 + Level 2.1 Hexes
 + Level 2.1 Summonings
 + Level 2.1 Necromancy
 + Level 2.1 Translocations
 + Level 2.1 Fire Magic
 + Level 2.1 Ice Magic
 + Level 2.1 Air Magic
 + Level 2.1 Earth Magic
 + Level 2.1 Alchemy
 + Level 2.9 Invocations
 + Level 2.6 Evocations
 + Level 2.4 Shapeshifting


You had 11 spell levels left.
You didn't know any spells.
Your spell library contained the following spells:

 Spells                   Type           Power      Damage    Failure   Level
 Call Imp                 Summ           6%         N/A       56%         2
 Ensorcelled Hibernation  Hex/Ice        6%         N/A       56%         2
 Sublimation of Blood     Necr           3%         N/A       56%         2
 Fugue of the Fallen      Necr           3%         N/A       80%         3
 Anguish                  Hex/Necr       1%         N/A       99%         4
 Summon Hydra             Summ           1%         N/A       100%        7


Dungeon Overview and Level Annotations

Branches:
Dungeon (5/15)
 Temple: D:4-7

Altars:

Shops:
D:1 :   D:3 ??

Annotations:
D:2 1 runed translucent door, Crazy Yiuf
D:5 Dowan, Duvessa


Innate Abilities, Weirdness & Mutations

You have very sharp teeth.
Your uncanny sense of smell can sniff out nearby items.
Your experience applies equally to all skills.
You have razor-sharp toenails.
You are partially covered in iridescent scales. (AC +2)
Your muscles are strong. (Str +4, Int/Dex -1)


Message History

You feel very sick. Dowan hits you with a +0 dagger.
Duvessa hits you with a +2 short sword of venom.
You are more poisoned.
Duvessa hits you but does no damage. Dowan barely misses you.
You feel much better.
You feel very sick. Dowan hits you with a +0 dagger.
Duvessa hits you but does no damage.
You are more poisoned.
It was a potion of cancellation.
You feel magically purged.
You feel very sick. You block Dowan's attack.
Duvessa hits you with a +2 short sword of venom.
It was a potion of curing.
You feel better. Dowan hits you with a +0 dagger.
Duvessa hits you with a +2 short sword of venom.
You are poisoned.
You sock Duvessa!
Duvessa is heavily wounded.
You feel sick. Dowan hits you but does no damage.
Duvessa hits you with a +2 short sword of venom.
You are more poisoned.
Unknown command.
You hit Duvessa but do no damage.
Duvessa is heavily wounded.
You feel very sick. Dowan closely misses you. Duvessa barely misses you.
You barely miss Duvessa. You bite Duvessa, but do no damage.
Duvessa is heavily wounded.
You feel very sick. You block Dowan's attack.
Duvessa hits you with a +2 short sword of venom!
* * * LOW HITPOINT WARNING * * *
You are lethally poisoned!
You hit Duvessa but do no damage. Your bite misses Duvessa.
Duvessa is heavily wounded.
* * * LOW HITPOINT WARNING * * *
You feel extremely sick. Dowan hits you but does no damage.
Duvessa hits you with a +2 short sword of venom.
You die...

..#..
...#...#...#.[.#...#
#.#...#...#...#...#..
#...#...#...#...#...#
#.#...#...#...#...#..
#...#...#...#...#...#
#.....#...#...#...#..
#.e#..#...#...#..##
#@e....#...#......
####.....#.....###
###.......###
###...### #####


You could see Duvessa and Dowan.

Vanquished Creatures
  A water moccasin (D:5)
  A centaur (D:5)
  A gnoll bouda (D:5)
  A hound (D:4)
  An orc wizard (D:3)
  A sleepcap (D:5)
  Terence (D:2)
  An iguana (D:5)
  Natasha (twice) (D:2)
  10 gnolls
  3 adders
  2 white imps
  3 dart slugs
  A ribbon worm (D:2)
  6 orcs
  3 bats
  11 endoplasms
  4 giant cockroaches
  7 goblins
  8 hobgoblins
  8 jackals
  5 quokkas
  5 ball pythons
  7 frilled lizards
  6 kobolds
  A rat (D:1)
100 creatures vanquished.

Notes
Turn   | Place    | Note
-------+----------+-------------------------------------------
     0 | D:1      | DocClef the Gnoll Fighter began the quest for the Orb.
     0 | D:1      | Reached XP level 1. HP: 23/23 MP: 1/1
   167 | D:1      | Reached XP level 2. HP: 26/29 MP: 2/2
   267 | D:1      | Found Sauriah's Book Emporium.
   359 | D:1      | Found a faded altar of an unknown god.
   552 | D:1      | Reached XP level 3. HP: 35/35 MP: 3/3
   728 | D:2      | Reached skill level 1 in Invocations
   906 | D:2      | Noticed Terence
   930 | D:2      | Killed Terence
   931 | D:2      | Reached skill level 1 in Short Blades
   931 | D:2      | Reached skill level 1 in Long Blades
   931 | D:2      | Reached skill level 1 in Axes
   931 | D:2      | Reached skill level 1 in Polearms
   931 | D:2      | Reached skill level 1 in Staves
   931 | D:2      | Reached skill level 1 in Ranged Weapons
   931 | D:2      | Reached skill level 1 in Throwing
   931 | D:2      | Reached skill level 1 in Dodging
   931 | D:2      | Reached skill level 1 in Stealth
   931 | D:2      | Reached skill level 1 in Unarmed Combat
   931 | D:2      | Reached skill level 1 in Spellcasting
   931 | D:2      | Reached skill level 1 in Evocations
   931 | D:2      | Reached skill level 1 in Shapeshifting
   931 | D:2      | Reached XP level 4. HP: 22/41 MP: 5/5
  1115 | D:2      | Reached skill level 1 in Conjurations
  1115 | D:2      | Reached skill level 1 in Hexes
  1115 | D:2      | Reached skill level 1 in Summonings
  1115 | D:2      | Reached skill level 1 in Necromancy
  1115 | D:2      | Reached skill level 1 in Translocations
  1115 | D:2      | Reached skill level 1 in Fire Magic
  1115 | D:2      | Reached skill level 1 in Ice Magic
  1115 | D:2      | Reached skill level 1 in Air Magic
  1115 | D:2      | Reached skill level 1 in Earth Magic
  1115 | D:2      | Reached skill level 1 in Alchemy
  1147 | D:2      | Noticed Natasha
  1161 | D:2      | Killed Natasha
  1222 | D:2      | Reached XP level 5. HP: 47/47 MP: 7/7
  1285 | D:2      | Noticed Natasha
  1294 | D:2      | Killed Natasha
  1411 | D:2      | Found a runed translucent door.
  1412 | D:2      | Noticed Crazy Yiuf
  1682 | D:3      | Found Ventue's Magic Scroll Emporium.
  2327 | D:3      | Reached XP level 6. HP: 22/53 MP: 8/8
  2686 | D:3      | Found Hucvim's Magic Scroll Shop.
  2919 | D:4      | Reached skill level 5 in Maces & Flails
  3067 | D:5      | Entered Level 5 of the Dungeon
  3068 | D:5      | Noticed a water moccasin
  3073 | D:5      | Killed a water moccasin
  3214 | D:5      | Reached XP level 7. HP: 60/60 MP: 10/10
  3566 | D:5      | Gained mutation: You possess an exceptional clarity of
                  | mind. [potion of mutation]
  3568 | D:5      | HP: 3/60 [gnoll bouda/+0 whip (5)]
  3581 | D:5      | HP: 2/60 [gnoll/+0 club[a gnoll bouda] (6)]
  3804 | D:5      | Noticed Dowan
  3806 | D:5      | Noticed Duvessa
  3810 | D:5      | Lost mutation: You possess an exceptional clarity of mind.
                  | [potion of mutation]
  3810 | D:5      | Gained mutation: Your muscles are strong. (Str +4, Int/Dex
                  | -1) [potion of mutation]
  3810 | D:5      | Gained mutation: You have sharp toenails. [potion of
                  | mutation]
  3810 | D:5      | Gained mutation: You have razor-sharp toenails. [potion of
                  | mutation]
  3810 | D:5      | Gained mutation: You are partially covered in iridescent
                  | scales. (AC +2) [potion of mutation]
  3823 | D:5      | HP: 3/60 [poisoned by Duvessa]
  3823 | D:5      | Slain by Duvessa

Illustrated notes

Levels and vault maps discovered:
D:1:      erik_arrival_blinker_ship, layout_loops_cross,
          shapermc_ecumenical_altar_mp_ritualfount, serial_shops, shop
D:2:      minmay_chambers_of_twos, layout_basic, minmay_tiny_reverse_x,
          uniq_terence, uniq_crazy_yiuf_cottage, uniq_natasha
D:3:      layout_rooms, serial_shops, nicolae_shop_rolled_up, shop,
          chequers_serial_rivers_room_b, amethyst_killhole,
          nicolae_figureground_pulse
D:4:      nicolae_cairo_tiling_large_dashed, layout_gridville, uniq_pikel,
          uniq_robin
D:5:      layout_rooms, nicolae_ru_great_annihilating_truth, hex_large,
          uniq_duvessa

Skill      XL: |  1  2  3  4  5  6  7 |
---------------+----------------------+-----
Invocations    | 1 2 |  2.9
Short Blades   | 1 2 |  2.6
Long Blades    | 1 2 |  2.6
Axes           | 1 2 |  2.6
Polearms       | 1 2 |  2.6
Staves         | 1 2 |  2.6
Ranged Weapons | 1 2 |  2.6
Throwing       | 1 2 |  2.6
Dodging        | 1 2 |  2.6
Stealth        | 1 2 |  2.6
Unarmed Combat | 1 2 |  2.6
Spellcasting   | 1 2 |  2.6
Evocations     | 1 2 |  2.6
Shapeshifting  | 1 2 |  2.4
Conjurations   | 1 2 |  2.1
Hexes          | 1 2 |  2.1
Summonings     | 1 2 |  2.1
Necromancy     | 1 2 |  2.1
Translocations | 1 2 |  2.1
Fire Magic     | 1 2 |  2.1
Ice Magic      | 1 2 |  2.1
Air Magic      | 1 2 |  2.1
Earth Magic    | 1 2 |  2.1
Alchemy        | 1 2 |  2.1
Maces & Flails | 5 |  5.3
Fighting       | 7 |  7.1
Armour         | 7 |  7.1
Shields        | 7 |  7.1

Action                     |  1- 3 |  4- 6 |  7- 9 || total
---------------------------+-------+-------+-------++-------
  Melee: Flail             |   108 |   204 |    63 ||   375
         Bite              |     4 |    20 |     5 ||    29
    Use: Potion            |       |     1 |     7 ||     8
 Armour: Scale mail        |    68 |   165 |    68 ||   301
  Dodge: Dodged            |    33 |    86 |    38 ||   157
  Block: Buckler           |    24 |    59 |    23 ||   106
